Workbook

Sheet 2-қос каз
F1: Бюджеттік сұранымды жасау,ұсыну, қарау қағидаларына 2-қосымша
B2: Бюджеттік бағдарламалар әкімшісі қызметінің паспорты
B3: 333 Шымкент қаласының жұмыспен қамту және әлеуметтік қорғау басқармасы
B4: Бюджеттік бағдарламалар әкімшісінің коды және атауы
B5: 2026 - 2028 жылдарға арналған
B6: 1. Жетекшілік ететін саладағы (аядағы) мемлекеттік саясаттың негізгі бағыттары: Шымкент қаласы бойынша жұмыспен қамту және әлеуметтік қорғау басқармасы саласындағы мемлекеттік саясаттың негізгі бағыттары халықты жұмыспен қамтуға жәрдемдесу, еңбек нарығын дамыту және реттеу, әлеуметтік қорғау және әлеуметтік қолдау көрсету, мүгедектігі бар адамдарды әлеуметтік қолдау, арнаулы әлеуметтік қызметтерді дамыту, кедейлікті төмендету және белсенді әлеуметтік саясатты іске асыру, сондай-ақ мемлекеттік және өңірлік бағдарламаларды жүзеге асыру болып табылады.
B7: 2. Бюджеттік бағдарламалар әкімшісі қызметінің нормативтік-құқықтық негізі: - Қазақстан Республикасының 2023 жылғы 20 сәуірдегі № 224-VII ҚРЗ Әлеуметтік кодексі; - Қазақстан Республикасының 2025 жылғы 15 наурыздағы № 171-VII Бюджет кодексі; - «Қазақстан Республикасының мемлекеттік қызметі туралы» 2015 жылғы 23 қарашадағы № 416-V Қазақстан Республикасының Заңы; - «Субсидияланатын жұмыс орындарының, субсидияланатын жұмыс орындарына жұмысқа орналастырылатын адамдарға қойылатын талаптардың, олардың жалақысын субсидиялау мөлшерлері мен мерзімдерінің тізбесін бекіту туралы» Қазақстан Республикасы Үкіметінің 2023 жылғы 15 маусымдағы № 476 қаулысы; - «Мүгедектігі бар адамдарды жұмысқа орналастыру үшін арнайы жұмыс орындарын ұйымдастыру қағидаларын бекіту туралы» Қазақстан Республикасы Премьер-Министрінің орынбасары - Еңбек және халықты әлеуметтік қорғау министрінің 2023 жылғы 29 маусымдағы № 266 бұйрығы; - «Кәсіптік оқытуды ұйымдастыру және қаржыландыру қағидалары» Қазақстан Республикасы Премьер-Министрінің орынбасары Еңбек және халықты әлеуметтік қорғау министрінің 2023 жылғы 22 маусымдағы № 231 бұйрығы; - «Мемлекеттік атаулы әлеуметтік көмекті тағайындау және төлеу қағидаларын бекіту туралы» Қазақстан Республикасы Премьер - Министрінің орынбасары - Еңбек және халықты әлеуметтік қорғау министрінің 2023 жылғы 21 маусымдағы № 227 бұйрығы; - «Шымкент қаласындағы тұрғын үй көмегін көрсетудің мөлшері мен тәртібін айқындау туралы» Шымкент қаласы мәслихатының 2024 жылғы 19 наурыздағы № 14/124-VIII шешімі; - «Шымкент қаласында әлеуметтік көмек көрсетудің, оның мөлшерлерін белгілеудің және мұқтаж азаматтардың жекелеген санаттарының тізбесін айқындаудың қағидаларын бекіту туралы» Шымкент қаласы мәслихатының 2024 жылғы 19 наурыздағы № 14/123-VIII шешiмi; - «Шымкент қаласының мүгедектігі бар балалар қатарындағы кемтар балаларды жеке оқыту жоспары бойынша үйде оқытуға жұмсаған шығындарын өндіріп алу тәртiбі және мөлшерін айқындау туралы» Шымкент қаласы мәслихатының 2019 жылғы 16 шілдедегі № 52/442-6с шешiмi; - «Мүгедектігі бар адамды абилитациялаудың және оңалтудың жеке бағдарламасына сәйкес мүгедектігі бар адамдар мен мүгедектігі бар балаларға санаторийлік-курорттық емдеуді ұсыну қағидаларын бекіту туралы» Қазақстан Республикасы Премьер - Министрінің орынбасары - Еңбек және халықты әлеуметтік қорғау министрінің 2023 жылғы 30 маусымдағы № 283 бұйрығы; - «Мүгедектігі бар адамдарға берілетін техникалық көмекші (орнын толтырушы) құралдардың, арнаулы жүріп-тұру құралдарының және көрсетілетін қызметтердің сыныптауышын бекіту туралы» Қазақстан Республикасы Премьер-Министрінің орынбасары - Еңбек және халықты әлеуметтік қорғау министрінің 2023 жылғы 30 маусымдағы № 284 бұйрығы; - «Тауарларды және (немесе) көрсетілетін қызметтерді берушілерді әлеуметтік көрсетілетін қызметтер порталында тіркеу немесе оларды тіркеуден шығару, сондай-ақ тауарларды және (немесе) көрсетілетін қызметтерді әлеуметтік көрсетілетін қызметтер порталына жіберу қағидаларын бекіту туралы» Қазақстан Республикасы Премьер-Министрінің орынбасары - Еңбек және халықты әлеуметтік қорғау министрінің 2023 жылғы 30 маусымдағы № 285 бұйрығы; - «Мүгедектігі бар адамды абилитациялаудың және оңалтудың жеке бағдарламасына сәйкес мүгедектігі бар адамдарды протездік-ортопедиялық көмекпен, техникалық көмекші (компенсаторлық) құралдармен, арнаулы жүріп-тұру құралдарымен, оларды ауыстыру мерзімдерін қоса алғанда, қамтамасыз ету қағидаларын бекіту туралы» Қазақстан Республикасы Премьер-Министрінің орынбасары - Еңбек және халықты әлеуметтік қорғау министрінің 2023 жылғы 30 маусымдағы № 287 бұйрығы; - «Мүгедектігі бар адамды абилитациялау мен оңалтудың жеке бағдарламасына сәйкес жүріп-тұруы қиын бірінші топтағы мүгедектігі бар адамдар үшін жеке көмекшінің қызметтерін ұсыну қағидаларын бекіту туралы» Қазақстан Республикасы Премьер-Министрінің орынбасары - Еңбек және халықты әлеуметтік қорғау министрінің 2023 жылғы 30 маусымдағы № 288 бұйрығы; - "Арнаулы әлеуметтік қызметтерге тарифтерді қалыптастырудың ережесі мен әдістемесін бекіту туралы" Қазақстан Республикасы Премьер-Министрінің орынбасары - Еңбек және халықты әлеуметтік қорғау министрінің 2023 жылғы 30 маусымдағы № 281 бұйрығы; - «Азаматтық қызметшілерге, мемлекеттік бюджет қаражаты есебінен ұсталатын ұйымдардың қызметкерлеріне, қазыналық кәсіпорындардың қызметкерлеріне еңбекақы төлеу жүйесі туралы» Қазақстан Республикасы Үкіметінің 2015 жылғы 31 желтоқсандағы № 1193 қаулысы; - "Арнаулы әлеуметтік қызметтер көрсететін ұйымдар қызметінің қағидаларын бекіту туралы" Қазақстан Республикасы Премьер-Министрінің орынбасары - Еңбек және халықты әлеуметтік қорғау министрінің 2023 жылғы 22 маусымдағы № 230 бұйрығы; - "Халықты әлеуметтік қорғау саласында арнаулы әлеуметтік қызметтер көрсету стандарттарын бекіту туралы" Қазақстан Республикасы Премьер-Министрінің орынбасары - Еңбек және халықты әлеуметтік қорғау министрінің 2023 жылғы 29 маусымдағы № 263 бұйрығы; - «Медициналық-әлеуметтік мекемелерде, оңалту орталықтарында, мүгедектігі бар балаларға арналған оқу орындарында, аумақтық әлеуметтік қызмет көрсету орталықтарында, күндіз болу бөлімшелерінде, әлеуметтік бейімдеу орталықтарында қызмет көрсетілетін адамдар үшін заттай тамақтану нормаларын бекіту туралы» Қазақстан Республикасы Денсаулық сақтау және әлеуметтік даму министрінің 2015 жылғы 27 қарашадағы № 896 бұйрығы; - «Әлеуметтік қамсыздандыру саласының азаматтық қызметшілері лауазымдарыеның тізілімін бекіту туралы» Қазақстан Республикасы Денсаулық сақтау және әлеуметтік даму министрінің 2015 жылғы 28 желтоқсандағы №1042 бұйрығы; - «Мемлекеттік мүлік туралы» ҚР 2011 жылғы 1 наурыздағы № 413 - IV Заңы; - «Бюджеттік сұранымды жасау, ұсыну, қарау қағидаларын бекіту туралы» Қазақстан Республикасы Қаржы министрінің 2025 жылғы 22 сәуірдегі № 185 бұйрығы; - «2026 - 2028 жылдарға арналған Шымкент қаласының бюджеті туралы» Шымкент қаласы мәслихатының 2025 жылғы 12 желтоқсандағы № 31/275 - VIIІ шешіміне өзгерістер енгізу туралы» Шымкент қаласы мәслихатының 2026 жылғы 14 тамыздағы № 38/338 - VIIІ шешімі; - «2026-2028 жылдарға арналған Шымкент қаласының бюджеті туралы» Шымкент қаласы мәслихатының шешімін іске асыру туралы» Шымкент қаласы әкімдігінің 2025 жылғы 19 желтоқсандағы № 6795 қаулысына өзгерістер енгізу туралы» Шымкент қаласы әкімдігінің 2026 жылғы 14 тамыздағы № 3843 қаулысы негізінде жоспарланды;
B11: 3. Бюджеттік бағдарламалар әкімшісі қызметінің мақсаттары мен нысаналы индикаторлары немесе функциялары, өкілеттіктері мен құзыреттері туралы мәліметтері: Бюджеттік бағдарлама әкімшісінің мақсаты - халықты жұмыспен қамту деңгейін арттыру, жұмыссыздықты төмендету, азаматтардың әлеуметтік қорғалуын қамтамасыз ету және әлеуметтік осал санаттарға көрсетілетін мемлекеттік әлеуметтік қолдаудың тиімділігі мен қолжетімділігін арттыру. Нысаналы индикаторлар 2026 жылға: - Жұмыссыздық деңгейі - 4,8 %; - Жұмысқа орналастырылған азаматтардың, оның ішінде жастардың саны: 23 202, оның ішінде жастар 15 710; - Табысы ең төменгі күнкөріс деңгейінен/кедейлік шегінен төмен халықтың үлесі - 6,2 %; - Халықтың әлеуметтік қорғау объектілерімен қамтамасыз етілуі - 90 %;
B12: 4. Жауапты орындаушы немесе бірлесіп орындаушы бюджеттік бағдарламалар әкімшісі болып табылатын, қызметтің күтілетін нәтижелері көрсетілген Қазақстан Республикасының Мемлекеттік жоспарлау жүйесі құжаттарының тізбесі: Шымкент қаласының 2026-2030 жылдарға арналған даму жоспары
B13: 5. Функцияларды, өкілеттіктер мен құзыреттерді іске асыруға жоспарланған шығыстар көлемдерінің немесе Мемлекеттік жоспарлау жүйесі құжаттарының қысқаша сипаттамасы:
G14: (мың теңге)
B15: Факт 2024 жыл | C15: 2025 жылғы есепті кезең | E15: Жоспарлы кезең
C16: Бекітілген | D16: Нақтыланған | E16: 2026 жыл | F16: 2027 жыл | G16: 2028 жыл
B17: 1 | C17: 2 | D17: 3 | E17: 4 | F17: 5 | G17: 6
B18: =SUM('3-қос каз'!C9) -> 36310481 | C18: =SUM('3-қос каз'!D9) -> 43192725 | D18: =SUM('3-қос каз'!E9) -> 36292189 | E18: =SUM('3-қос каз'!F9) -> 39951522 | F18: =SUM('3-қос каз'!G9) -> 41283025 | G18: =SUM('3-қос каз'!H9) -> 44300647
B21: Басқарма басшысының орынбасары | F21: К. Калдыкараев
E22: (қолы)
B23: Шоғырландырылған қаржылық есептілікті қалыптастыру және бюджеттік жоспарлау бөлімінің басшысы | F23: К. Даулбаева
E24: (қолы)

Sheet 2-қос рус
E1: Приложение 2 к Правилам составления, представления, рассмотрения бюджетного запроса
A2: Паспорт деятельности администратора бюджетных программ
A3: 333 Управление занятости и социальной защиты города Шымкента
A4: Код и наименование администратора бюджетных программ
A5: на 2026 - 2028 годы
A6: 1. Основные направления государственной политики в курируемой отрасли (сфере): Шымкент қаласы бойынша жұмыспен қамту және әлеуметтік қорғау басқармасы саласындағы мемлекеттік саясаттың негізгі бағыттары халықты жұмыспен қамтуға жәрдемдесу, еңбек нарығын дамыту және реттеу, әлеуметтік қорғау және әлеуметтік қолдау көрсету, мүгедектігі бар адамдарды әлеуметтік қолдау, арнаулы әлеуметтік қызметтерді дамыту, кедейлікті төмендету және белсенді әлеуметтік саясатты іске асыру, сондай-ақ мемлекеттік және өңірлік бағдарламаларды жүзеге асыру болып табылады.
A7: 2. Нормативная правовая основа деятельности администратора бюджетных программ: - Социальный кодекс Республики Казахстан от 20 апреля 2023 года № 224-VII ЗРК; - Бюджетный кодекс Республики Казахстан от 15 марта 2025 года № 171-VII; - Закон Республики Казахстан «О государственной службе Республики Казахстан» от 23 ноября 2015 года № 416-V; - Постановление Правительства Республики Казахстан от 15 июня 2023 года № 476 «Об утверждении перечня субсидируемых рабочих мест, требований к лицам, трудоустраиваемым на субсидируемые рабочие места, размеров и сроков субсидирования их заработной платы»; - Приказ Заместителя Премьер-Министра Республики Казахстан — Министра труда и социальной защиты населения Республики Казахстан от 29 июня 2023 года № 266 «Об утверждении Правил организации специальных рабочих мест для трудоустройства лиц с инвалидностью»; - Приказ Заместителя Премьер-Министра Республики Казахстан — Министра труда и социальной защиты населения Республики Казахстан от 22 июня 2023 года № 231 «Об утверждении Правил организации и финансирования профессионального обучения»; - Приказ Заместителя Премьер-Министра Республики Казахстан — Министра труда и социальной защиты населения Республики Казахстан от 21 июня 2023 года № 227 «Об утверждении Правил назначения и выплаты государственной адресной социальной помощи»; - Решение Шымкентского городского маслихата от 19 марта 2024 года № 14/124-VIII «Об определении размера и порядка предоставления жилищной помощи в городе Шымкенте»; - Решение Шымкентского городского маслихата от 19 марта 2024 года № 14/123-VIII «Об утверждении Правил оказания социальной помощи, установления ее размеров и определения перечня отдельных категорий нуждающихся граждан в городе Шымкенте». - Решение Шымкентского городского маслихата от 16 июля 2019 года № 52/442-6с «Об определении порядка и размера возмещения затрат на обучение на дому детей с особыми образовательными потребностями из числа детей с инвалидностью города Шымкента по индивидуальному учебному плану»; - Приказ Заместителя Премьер-Министра Республики Казахстан — Министра труда и социальной защиты населения Республики Казахстан от 30 июня 2023 года № 283 «Об утверждении Правил предоставления санаторно-курортного лечения лицам с инвалидностью и детям с инвалидностью в соответствии с индивидуальной программой абилитации и реабилитации лица с инвалидностью»; - Приказ Заместителя Премьер-Министра Республики Казахстан — Министра труда и социальной защиты населения Республики Казахстан от 30 июня 2023 года № 284 «Об утверждении Классификатора технических вспомогательных (компенсаторных) средств, специальных средств передвижения и предоставляемых услуг лицам с инвалидностью»; - Приказ Заместителя Премьер-Министра Республики Казахстан — Министра труда и социальной защиты населения Республики Казахстан от 30 июня 2023 года № 285 «Об утверждении Правил регистрации или снятия с регистрации поставщиков товаров и (или) услуг на Портале социальных услуг, а также направления товаров и (или) услуг на Портал социальных услуг»; - Приказ Заместителя Премьер-Министра Республики Казахстан — Министра труда и социальной защиты населения Республики Казахстан от 30 июня 2023 года № 287 «Об утверждении Правил обеспечения лиц с инвалидностью протезно-ортопедической помощью, техническими вспомогательными (компенсаторными) средствами, специальными средствами передвижения, включая сроки их замены, в соответствии с индивидуальной программой абилитации и реабилитации лица с инвалидностью»; - Приказ Заместителя Премьер-Министра Республики Казахстан — Министра труда и социальной защиты населения Республики Казахстан от 30 июня 2023 года № 288 «Об утверждении Правил предоставления услуг личного помощника лицам с инвалидностью первой группы, имеющим затруднения в передвижении, в соответствии с индивидуальной программой абилитации и реабилитации лица с инвалидностью»; - Приказ Заместителя Премьер-Министра Республики Казахстан — Министра труда и социальной защиты населения Республики Казахстан от 30 июня 2023 года № 281 «Об утверждении Правил и методики формирования тарифов на специальные социальные услуги»; - Постановление Правительства Республики Казахстан от 31 декабря 2015 года № 1193 «О системе оплаты труда гражданских служащих, работников организаций, содержащихся за счет средств государственного бюджета, работников казенных предприятий»; - Приказ Заместителя Премьер-Министра Республики Казахстан — Министра труда и социальной защиты населения Республики Казахстан от 22 июня 2023 года № 230 «Об утверждении Правил деятельности организаций, оказывающих специальные социальные услуги»; - Приказ Заместителя Премьер-Министра Республики Казахстан — Министра труда и социальной защиты населения Республики Казахстан от 29 июня 2023 года № 263 «Об утверждении стандартов оказания специальных социальных услуг в области социальной защиты населения»; - Приказ Министра здравоохранения и социального развития Республики Казахстан от 27 ноября 2015 года № 896 «Об утверждении норм питания в натуральном выражении для лиц, обслуживаемых в медико-социальных учреждениях, реабилитационных центрах, организациях образования для детей с инвалидностью, территориальных центрах социального обслуживания, отделениях дневного пребывания, центрах социальной адаптации»; - Приказ Министра здравоохранения и социального развития Республики Казахстан от 28 декабря 2015 года № 1042 «Об утверждении Реестра должностей гражданских служащих сферы социального обеспечения»; - Закон Республики Казахстан от 1 марта 2011 года № 413-IV «О государственном имуществе»; - Приказ Министра финансов Республики Казахстан от 22 апреля 2025 года № 185 «Об утверждении Правил составления, представления и рассмотрения бюджетной заявки»; - Решение Шымкентского городского маслихата от 14 августа 2026 года № 38/338-VIII «О внесении изменений в решение Шымкентского городского маслихата от 12 декабря 2025 года № 31/275-VIII «О бюджете города Шымкента на 2026–2028 годы»; - Запланировано на основании постановления акимата города Шымкента от 14 августа 2026 года № 3843 «О внесении изменений в постановление акимата города Шымкента от 19 декабря 2025 года № 6795 «О реализации решения Шымкентского городского маслихата «О бюджете города Шымкента на 2026–2028 годы».
A11: 3. Сведения о целях и целевых индикаторах деятельности администратора бюджетных программ или функциях, полномочиях и компетенциях: Цель администратора бюджетной программы - повышение уровня занятости населения, снижение безработицы, обеспечение социальной защищенности граждан, а также повышение эффективности и доступности государственной социальной поддержки, оказываемой социально уязвимым категориям населения. Целевые индикаторы на 2026 год: уровень безработицы - 4,8 %; количество трудоустроенных граждан, в том числе молодёжи: 23 202, в том числе молодёжи - 15 710; доля населения с доходами ниже величины прожиточного минимума/черты бедности - 6,2 %; обеспеченность населения объектами социальной защиты - 90 %.
A12: 4. Перечень документов Системы государственного планирования, собственных документов, устанавливающих показатели деятельности администратора бюджетных программ с указанием результатов деятельности: План развития города Шымкента на 2026–2030 годы
A13: 5. Краткая характеристика объемов планируемых расходов на реализацию функций, полномочий и компетенций, или документов Системы государственного планирования:
F14: (тыс. тенге)
A15: Факт 2024 год | B15: План текущего 2025 года | D15: Плановый период
B16: Утвержденный | C16: Уточненный | D16: 2026 год | E16: 2027 год | F16: 2028 год
A17: 1 | B17: 2 | C17: 3 | D17: 4 | E17: 5 | F17: 6
A18: =SUM('3-қос каз'!C9) -> 36310481 | B18: =SUM('3-қос каз'!D9) -> 43192725 | C18: =SUM('3-қос каз'!E9) -> 36292189 | D18: =SUM('3-қос каз'!F9) -> 39951522 | E18: =SUM('3-қос каз'!G9) -> 41283025 | F18: =SUM('3-қос каз'!H9) -> 44300647
A21: Заместитель руководителя управления | E21: К. Калдыкараев
D22: (подпись)
A23: Руководитель отдела формирование консолидированная финансовая отчетность и планирования бюджета | E23: К. Даулбаева
D24: (подпись)

Sheet 3-қос каз
G1: Бюджеттік сұранымды жасау, ұсыну және қарау қағидаларына №3-қосымша
B2: Бюджеттік бағдарламалардың паспорттары туралы біріктірілген жиынтық ақпарат
B3: 333 Шымкент қаласының жұмыспен қамту және әлеуметтік қорғау басқармасы
B4: бюджеттiк бағдарлама әкiмшiсiнiң коды және атауы
B5: 2026 - 2028 жылдарға арналған
H6: (мың теңге)
B7: Көрсеткіштердің атауы | C7: Факт 2024 жыл | D7: 2025 жылғы есепті кезең | F7: Жоспарлы кезең
D8: Бекітілген | E8: Нақтыланған | F8: 2026 жыл | G8: 2027 жыл | H8: 2028 жыл
B9: Жоғары тұрған құжаттардан туындайтын нысаналы индикаторға немесе қойылған міндетке қол жеткізу үшін қажеттіліктің жалпы сомасы | C9: =SUM(C10) -> 36310481 | D9: =SUM(D10) -> 43192725 | E9: =SUM(E10) -> 36292189 | F9: =SUM(F10) -> 39951522 | G9: =SUM(G10) -> 41283025 | H9: =SUM(H10) -> 44300647
B10: Бюджеттік бағдарламалар әкімшісінің шығыстары лимиттерінің жалпы сомасы, оның ішінде: | C10: =SUM(C11:C12) -> 36310481 | D10: =SUM(D11:D12) -> 43192725 | E10: =SUM(E11:E12) -> 36292189 | F10: =SUM(F11:F12) -> 39951522 | G10: =SUM(G11:G12) -> 41283025 | H10: =SUM(H11:H12) -> 44300647
B11: - тұрақты сипаттағы шартсыз базалық шығыстар | C11: 36310481 | D11: 43192725 | E11: 36292189 | F11: 38537714 | G11: 40001578 | H11: 42977707
B12: - жаңа бастамаларға арналған шығыстар | F12: =1329330+25200+59278 -> 1413808 | G12: 1281447 | H12: 1322940
B13: - макроэкономикалық және әлеуметтік көрсеткіштердің өзгеруіне байланысты емес және қолданыстағы бюджеттік бағдарламалар шеңберінде бюджет қаражатын жұмсаудың қосымша бағыттарын (орындалатын мемлекеттік функциялардың, өкілеттіктер мен құзыреттердің және көрсетілетін мемлекеттік қызметтердің көлемін кеңейту) көздейтін шартсыз базалық шығыстарды ұлғайту
B14: - Қазақстан Республикасы Президентінің бастамаларына резерв және Қазақстан Республикасы Үкіметінің резервін немесе жергілікті атқарушы органның резервін қалыптастыру
B15: Жалпы қажеттілік сомасының жеткізілген лимиттер сомасынан айырмашылығы
B16: Бюджеттік бағдардамалардың жалпы саны, оның ішінде: | C16: =SUM(C17) -> 23 | D16: =SUM(D17) -> 21 | E16: =SUM(E17) -> 23 | F16: =SUM(F17) -> 23 | G16: =SUM(G17) -> 19 | H16: =SUM(H17) -> 19
B17: - ағымдағы бюджеттік бағдарламалар | C17: 23 | D17: 21 | E17: 23 | F17: 23 | G17: 19 | H17: 19
B18: - бюджеттік даму бағдарламалары
B19: Нысаналы индикаторлардың жалпы саны | C19: 10 | D19: 4 | E19: 4 | F19: 4 | G19: 4 | H19: 4
B20: Түпкілікті нәтижелердің жалпы саны | C20: 21 | D20: 22 | E20: 22 | F20: 22 | G20: 18 | H20: 18
B24: Басқарма басшысының орынбасары | D24: К. Калдыкараев
C25: (қолы)
B26: Шоғырландырылған қаржылық есептілікті қалыптастыру және бюджеттік жоспарлау бөлімінің басшысы | D26: К. Даулбаева
C27: (қолы)

Sheet 3-қос рус
G1: Приложение 3 к Правилам составления, представления, рассмотрения бюджетного запроса
B2: Агрегированная сводная информация о паспортах бюджетных программ
B3: 333 Управление занятости и социальной защиты города Шымкента
B4: Код и наименование администратора бюджетных программ
B5: на 2026 - 2028 годы
H6: (тыс. тенге)
B7: Наименование показателей | C7: Факт 2024 год | D7: План текущего 2025 года | F7: Плановый период
D8: Утвержденный | E8: Уточненный | F8: 2026 год | G8: 2027 год | H8: 2028 год
B9: Общая сумма потребности для достижения целевого индикатора или поставленной задачи вытекающие из вышестоящих документов | C9: =SUM(C10) -> 36310481 | D9: =SUM(D10) -> 43192725 | E9: =SUM(E10) -> 36292189 | F9: =SUM(F10) -> 39951522 | G9: =SUM(G10) -> 41283025 | H9: =SUM(H10) -> 44300647
B10: Общая сумма лимитов расходов администратора бюджетных программ, в том числе: | C10: =SUM(C11:C12) -> 36310481 | D10: =SUM(D11:D12) -> 43192725 | E10: =SUM(E11:E12) -> 36292189 | F10: =SUM(F11:F12) -> 39951522 | G10: =SUM(G11:G12) -> 41283025 | H10: =SUM(H11:H12) -> 44300647
B11: - безусловные базовые расходы постоянного характера | C11: 36310481 | D11: 43192725 | E11: 36292189 | F11: 38537714 | G11: 40001578 | H11: 42977707
B12: - расходы на новые инициативы | F12: =1329330+25200+59278 -> 1413808 | G12: 1281447 | H12: 1322940
B13: - увеличение безусловных базовых расходов, не связанное с изменением макроэкономических и социальных показателей и предусматривающее дополнительные направления расходования бюджетных средств (расширение объема выполняемых государственных функций, полномочий и компетенций и оказываемых государственных услуг) в рамках существующих бюджетных программ
B14: - формирование резерва на инициативы Президента Республики Казахстан и резерва Правительства Республики Казахстан или резерва местного исполнительного органа*
B15: Разница суммы общей потребности от суммы доведенных лимитов
B16: Общее количество бюджетных программ, в том числе: | C16: =SUM(C17) -> 23 | D16: =SUM(D17) -> 21 | E16: =SUM(E17) -> 23 | F16: =SUM(F17) -> 23 | G16: =SUM(G17) -> 19 | H16: =SUM(H17) -> 19
B17: - текущие бюджетные программы | C17: 23 | D17: 21 | E17: 23 | F17: 23 | G17: 19 | H17: 19
B18: - бюджетные программы развития
B19: Общее количество целевых индикаторов | C19: 10 | D19: 4 | E19: 4 | F19: 4 | G19: 4 | H19: 4
B20: Общее количество конечных результатов | C20: 21 | D20: 22 | E20: 22 | F20: 22 | G20: 18 | H20: 18
B24: Заместитель руководителя управления | D24: К. Калдыкараев
C25: (подпись)
B26: Руководитель отдела формирование консолидированная финансовая отчетность и планирования бюджета | D26: К. Даулбаева
C27: (подпись)
